 Dungeon Crawl Stone Soup version 0.32-a0-921-g04a7ad8e02 (webtiles) character file.

Game seed: 5548797715307668877

115 RockemSockem the Caller (level 5, -1/36 HPs)
             Began as a Merfolk Summoner on Apr 12, 2024.
             Shot with an arrow by a centaur (8 damage)
             ... on level 3 of the Dungeon.
             The game lasted 00:17:15 (2309 turns).

RockemSockem the Caller (Merfolk Summoner)          Turns: 2309, Time: 00:17:16

Health: -1/36      AC:  6    Str:  8    XL:     5   Next: 0%
Magic:  6/8        EV:  7    Int: 17    God:
Gold:   214        SH:  0    Dex: 14    Spells: 7/8 levels left

rFire   . . .        e - +0 spear
rCold   . . .        (no shield)
rNeg    . . .        c - +0 scale mail
rPois   .            (no helmet)
rElec   .            (no cloak)
rCorr   .            (no gloves)
SInv    .            (no boots)
Will    .....        (no amulet)
Stlth   +            (no ring)
HPRegen 0.26/turn    (no ring)
MPRegen 0.11/turn

%: no passive effects
@: no status effects
A: (nimble swimmer 2), mertail
a: no special abilities


You were on level 3 of the Dungeon.
You visited 1 branch of the dungeon, and saw 3 of its levels.

You collected 214 gold pieces.

Inventory:

Hand Weapons
 e - a +0 spear (weapon)
 g - a +0 short sword
 i - a +0 sling
 j - a +0 whip
 l - a +0 mace
 n - a +0 sling
 p - a +4 hand axe
 r - a +1 dagger of distortion
Missiles
 f - 18 stones
 h - 5 javelins
Armour
 a - a +0 robe
 c - a +0 scale mail (worn)
 d - a +0 ring mail
Wands
 m - a wand of polymorph (10)
Scrolls
 o - a scroll of noise
 q - a scroll of fear
Potions
 b - a potion of magic
 k - a potion of enlightenment


   Skills:
 + Level 0.5 Fighting
 + Level 0.3(0.6) Axes
 + Level 1.3(1.4) Polearms
 + Level 0.2 Ranged Weapons
 + Level 0.3 Armour
 + Level 3.5 Dodging
 + Level 2.2 Stealth
 + Level 0.4 Unarmed Combat
 + Level 2.4 Spellcasting
 + Level 5.0 Summonings


You had 7 spell levels left.
You knew the following spells:

 Your Spells              Type           Power      Damage    Failure   Level
a - Summon Small Mammal   Summ           76%        N/A       24%         1

Your spell library contained the following spells:

 Spells                   Type           Power      Damage    Failure   Level
 Call Imp                 Summ           38%        N/A       34%         2
 Call Canine Familiar     Summ           19%        N/A       56%         3
 Magic Dart               Conj           8%         1d3       88%         1
 Blink                    Tloc           4%         N/A       96%         2
 Fugue of the Fallen      Necr           2%         N/A       99%         3
 Maxwell's Portable Pile  Tloc           2%         2d(5-14)  99%         3
 Ozocubu's Armour         Ice            2%         N/A       99%         3
 Summon Blazeheart Golem  Fire/Summ      10%        N/A       100%        4
 Summon Lightning Spire   Summ/Air       10%        N/A       100%        4
 Arcjolt                  Conj/Air       1%         1d11      100%        5
 Manifold Assault         Tloc           1%         N/A       100%        7
 Maxwell's Capacitive Co  Air            1%         ∞         100%        8


Dungeon Overview and Level Annotations

Branches:
Dungeon (3/15)

Altars:


Innate Abilities, Weirdness & Mutations

((You are very nimble when in or above water. (Stealth+, EV+, Speed+++)))
Your lower body shifts to a powerful aquatic tail in water.


Message History

The arrow hits you but does no damage.
The centaur shoots an arrow.
The arrow hits your quokka!
Your quokka dies!
Your quokka's corpse disappears in a puff of smoke!
You swap places.
Your magical contamination has completely faded away.
You see here a gold piece.
The centaur unwields a +0 shortbow.
The centaur closely misses your quokka. x2
Your quokka barely misses the centaur.
The centaur misses your quokka. The centaur closely misses your quokka.
Your quokka closely misses the centaur.
You see here a gold piece.
You now have 214 gold pieces (gained 1).
The centaur wields a +0 shortbow.
The centaur shoots an arrow.
The arrow closely misses your quokka. The arrow completely misses you.
Your quokka bites the centaur.
Casting: Summon Small Mammal (safe; 24% risk of failure)
Press: ? - help, Q - select action, (/) - cycle Dir - look around, f - activate The centaur shoots an arrow.
The arrow barely misses your quokka. The arrow hits you!
Your quokka barely misses the centaur.
Something hits your quokka!
Your quokka dies!
Your quokka's corpse disappears in a puff of smoke!
Your quokka barely misses the centaur.
The centaur barely misses your quokka. x2
The centaur wields a +0 shortbow.
The centaur shoots an arrow.
The arrow closely misses your quokka. The arrow hits you!
* * * LOW HITPOINT WARNING * * *
Your quokka bites the centaur but does no damage.
The centaur shoots an arrow.
The arrow closely misses your quokka. The arrow hits you.
* * * LOW HITPOINT WARNING * * *
Your quokka bites the centaur.
The centaur shoots an arrow.
The arrow hits your quokka.
Your quokka barely misses the centaur.
Something hits your quokka.
Your quokka dies!
Your quokka's corpse disappears in a puff of smoke!
A centaur is nearby!
The centaur wields a +0 shortbow.
The centaur shoots an arrow.
The arrow hits you!
You die...

#†##.....### .#
#.##.......#
##########.##.#
#.##.....#.#
#.....§.......#
#.##.....#.#
#c#####c..[###
#.##.....#.# #.....#.####
..##.))..#.####......[#
#...)......#......##
#..........#.............
#..........@>............
#..........#............c
#..........#####......)..
############ #.........
#......... #..?..>...


You could see a centaur.

Vanquished Creatures
  3 adders
  A ribbon worm (D:3)
  3 endoplasms
  5 giant cockroaches
  3 goblins (D:2)
  2 hobgoblins
  4 jackals (D:3)
  2 quokkas (D:2)
  2 ball pythons
  3 bats (D:2)
  A frilled lizard (D:1)
  3 kobolds
  5 rats
37 creatures vanquished.

Vanquished Creatures (collateral kills)
  A gnoll (D:1)
  2 adders
  3 orcs (D:3)
  A ball python (D:1)
  2 bats
  2 endoplasms
  A hobgoblin (D:2)
  A jackal (D:3)
  A quokka (D:1)
  A kobold (D:1)
  A rat (D:2)
16 creatures vanquished.

Grand Total: 53 creatures vanquished

Notes
Turn   | Place    | Note
-------+----------+-------------------------------------------
     0 | D:1      | RockemSockem the Merfolk Summoner began the quest for the
                  | Orb.
     0 | D:1      | Reached XP level 1. HP: 13/13 MP: 3/3
   181 | D:1      | Reached XP level 2. HP: 19/19 MP: 3/5
   679 | D:1      | Reached XP level 3. HP: 22/24 MP: 6/6
   930 | D:2      | Reached skill level 1 in Polearms
  1395 | D:2      | Reached XP level 4. HP: 30/30 MP: 7/7
  1945 | D:3      | Reached skill level 5 in Summonings
  2262 | D:3      | Reached XP level 5. HP: 32/36 MP: 8/8
  2284 | D:3      | Noticed a centaur
  2309 | D:3      | Shot with an arrow by a centaur

Illustrated notes

Levels and vault maps discovered:
D:1:      orjb1_lava_funnel, layout_basic
D:2:      layout_basic, minmay_misc_feat_x
D:3:      layout_basic, pf_just_have_faith

Skill      XL: |  1  2  3  4 |
---------------+-------------+-----
Polearms       | 1 |  1.3
Dodging        | 3 |  3.5
Summonings     | 5 |  5.0
Fighting       | |  0.5
Axes           | |  0.3
Ranged Weapons | |  0.2
Armour         | |  0.3
Stealth        | |  2.2
Unarmed Combat | |  0.4
Spellcasting   | |  2.4

Action                     |  1- 3 |  4- 6 || total
---------------------------+-------+-------++-------
  Melee: Unarmed           |    22 |       ||    22
         Punch             |     2 |       ||     2
         Spear             |    76 |    58 ||   134
         Hand axe          |    14 |    31 ||    45
   Fire: Sling             |    17 |       ||    17
   Cast: Summon Small Mamm |    19 |    11 ||    30
    Use: Potion            |     1 |     1 ||     2
         Scroll            |     2 |     2 ||     4
 Armour: Scale mail        |   114 |    95 ||   209
  Dodge: Dodged            |    60 |    36 ||    96

Table legend: (Time is in decaauts)
 A = Elapsed time spent in this place.
 B = Non-inter-level travel time spent in this place.
 C = Inter-level travel time spent in this place.
 D = Time resting spent in this place.
 E = Time spent auto-exploring this place.
 F = Levels seen in this place.
 G = Mean time per level.
                   A        B        C        D        E       F      G
               +--------+--------+--------+--------+--------+-----+--------+
         Total |   2341 |    797 |   1544 |    191 |      0 |   3 |  780.3 |
       Dungeon |   2341 |    797 |   1544 |    191 |      0 |   3 |  780.3 |
               +--------+--------+--------+--------+--------+-----+--------+

Top non-repeatable levels by time:
     D:2: 1047 daAuts
     D:1: 868 daAuts
     D:3: 425 daAuts
